 Dungeon Crawl Stone Soup version 0.21-a0-509-gecc5317 (webtiles) character file.

27 BingusPrime the Charmwright (level 3, -1/29 HPs)
             Began as a Barachi Skald on Nov 30, 2017.
             Slain by a killer bee (8 damage)
             ... on level 2 of the Dungeon.
             The game lasted 00:03:18 (1260 turns).

BingusPrime the Charmwright (Barachi Skald)         Turns: 1260, Time: 00:03:18

Health: -1/29      AC:  3    Str: 12    XL:     3   Next: 10%
Magic:  6/6        EV: 12    Int: 13    God:
Gold:   54         SH:  0    Dex: 12    Spells: 3/6 levels left

rFire    . . .     SeeInvis .   a - +0 falchion
rCold    . . .     Gourm    .   (no shield)
rNeg     . . .     Faith    .   b - +0 leather armour
rPois    .         Spirit   .   (no helmet)
rElec    .         Reflect  .   (no cloak)
rCorr    .         Harm     .   (no gloves)
MR       .....                  (no boots)
Stlth    +.........             (no amulet)
HPRegen  0.09/turn              (no ring)
MPRegen  0.10/turn              (no ring)

@: lethally poisoned (-1 -> -6), can't hop, slow
A: +LOS, swims, slowness 1, strong legs 1
a: Hop


You were on level 2 of the Dungeon.
You were very hungry.

You visited 1 branch of the dungeon, and saw 2 of its levels.

You collected 54 gold pieces.

Inventory:

Hand Weapons
 a - a +0 falchion (weapon)
Missiles
 g - 5 javelins (quivered)
Armour
 b - a +0 leather armour (worn)
Scrolls
 f - a scroll of remove curse {unknown}
Potions
 e - a potion of ambrosia {unknown}
 h - 2 potions of flight {unknown}
Books
 c - a book of Battle

   Spells                             Type                      Level
   a - Infusion                       Charms                       1
   b - Shroud of Golubria             Charms/Translocation         2
   c - Song of Slaying                Charms                       2
   d - Spectral Weapon                Hexes/Charms                 3
   e - Regeneration                   Charms/Necromancy            3
Comestibles
 d - a bread ration


   Skills:
 * Level 3.1 Fighting
 * Level 2.9 Long Blades
 - Level 1.2 Armour
 - Level 2.6 Dodging
 - Level 2.3 Spellcasting
 - Level 3.5 Charms


You had 3 spell levels left.
You knew the following spells:

 Your Spells              Type           Power        Failure   Level  Hunger
a - Infusion              Chrm           ##..         8%          1    ##.....
b - Shroud of Golubria    Chrm/Tloc      #.........   22%         2    ###....


Dungeon Overview and Level Annotations

Branches:
Dungeon (2/15)

Altars:


Innate Abilities, Weirdness & Mutations

Shadows flee at your approach. (+LOS)
You can swim through water.
You cover ground slowly.
You can hop short distances.


Message History

You are feeling very hungry.
You closely miss the killer bee.
The killer bee is lightly wounded.
The killer bee stings you.
You feel sick. The killer bee closely misses you.
You riposte.
You hit the killer bee but do no damage.
The killer bee is lightly wounded.
You feel sick. The killer bee barely misses you.
You riposte.
You completely miss the killer bee.
The killer bee is lightly wounded.
The killer bee misses you.
You riposte.
You hit the killer bee but do no damage.
The killer bee is lightly wounded.
* * * LOW HITPOINT WARNING * * *
You feel sick. The killer bee barely misses you.
* * * LOW HITPOINT WARNING * * *
You feel sick.
The killer bee stings you but does no damage.
The killer bee stings you!
You die...

###
#@#
#y#
#y#
#.#
#.#
#y
#.#
#.
#.#
..
#.#
#.
#.#


You could see 2 killer bees.

Vanquished Creatures
  2 dart slugs (D:1)
  3 bats (D:1)
  3 goblins (D:1)
  3 hobgoblins (D:1)
  4 jackals (D:1)
  3 kobolds (D:1)
  2 rats (D:1)
20 creatures vanquished.

Notes
Turn   | Place    | Note
-------+----------+-------------------------------------------
     0 | D:1      | BingusPrime the Barachi Skald began the quest for the Orb.
     0 | D:1      | Reached XP level 1. HP: 17/17 MP: 3/3
   363 | D:1      | Reached XP level 2. HP: 16/23 MP: 1/5
   367 | D:1      | Learned a level 2 spell: Shroud of Golubria
   799 | D:1      | Reached XP level 3. HP: 28/28 MP: 6/6
  1245 | D:2      | Noticed a killer bee
  1245 | D:2      | Noticed a killer bee
  1246 | D:2      | Noticed a killer bee
  1260 | D:2      | Slain by a killer bee

Vault maps used:
D:1:      kennysheep_arrival_forest
D:2:      nicolae_dithmenos_through_a_glass_darkly, first_bread,
          kennysheep_generic_room_2

Skill      XL: |  1  2  3 |
---------------+----------+-----
Fighting       | 3 |  3.1
Long Blades    | |  2.9
Armour         | |  1.2
Dodging        | |  2.6
Spellcasting   | |  2.3
Charms         | |  3.5

Action                   || total
-------------------------++-------
Melee: Falchion          ||    61
 Cast: Infusion          ||     2
       Shroud of Golubri ||     5
 Abil: Hop               ||     1
  Use: Scroll            ||     2
  Eat: Chunk             ||     1
Armor: Leather armour    ||    35
Dodge: Dodged            ||    82
       Rpst.: Falchion   ||    28

Table legend:
 A = Spawn XP
 B = Non-spawn XP
 C = Spawn XP percentage of total XP
 D = Spawn monster count
 E = Non-spawn monster count
 F = Spawn count percentage of total count
 G = Total turns spent on level
                    A         B        C        D         E        F      G
               +---------+---------+-------+---------+---------+-------+---------
         Total |       0 |      39 |   0.0 |       0 |      20 |   0.0 |  1260
               +---------+---------+-------+---------+---------+-------+---------
           D:1 |       0 |      39 |   0.0 |       0 |      20 |   0.0 |  1227
               +---------+---------+-------+---------+---------+-------+---------
